 Dungeon Crawl Stone Soup version 0.27.1-34-g3ba077fa99 (webtiles) character file.

Game seed: 3450258220427233048

334 mcbry74 the Ruffian (level 6, -1/59 HPs)
             Began as a Troll Berserker on Jan 26, 2022.
             Was a Believer of Trog.
             Slain by Grinder (5 damage)
             ... while paralysed by Grinder
             ... on level 4 of the Dungeon.
             The game lasted 00:07:28 (2328 turns).

mcbry74 the Ruffian (Troll Berserker)               Turns: 2328, Time: 00:07:29

Health: -1/59      AC:  4    Str: 27    XL:     6   Next: 27%
Magic:  5/5        EV:  1    Int:  4    God:    Trog [**....]
Gold:   125        SH:  0    Dex:  9    Spells: 5/5 levels left

rFire    . . .     SeeInvis .     - Unarmed
rCold    . . .     Faith    +   (no shield)
rNeg     . . .     Spirit   .   a - +0 animal skin
rPois    .         Reflect  .   (helmet restricted)
rElec    .         Harm     .   (no cloak)
rCorr    .         Rampage  .   (gloves unavailable)
Will     .....                  (boots unavailable)
Stlth    +.........             l - amulet of faith
HPRegen  1.19/turn              (no ring)
MPRegen  0.09/turn              (no ring)

@: paralysed
A: large, unfitting armour, claws 3, regeneration 1, shaggy fur 1, tough skin 1
a: Renounce Religion, Berserk, Trog's Hand


You were on level 4 of the Dungeon.
You worshipped Trog.
Trog was pleased with you.
You visited 1 branch of the dungeon, and saw 4 of its levels.

You collected 125 gold pieces.

Inventory:

Missiles
 g - 12 poisoned darts
 k - 98 stones
 m - 29 sling bullets
Armour
 a - a +0 animal skin (worn)
Jewellery
 l - an amulet of faith (around neck)
Scrolls
 b - 2 scrolls of blinking {unknown}
 e - 2 scrolls of teleportation {unknown}
 f - a scroll of identify {unknown}
 h - 2 scrolls of amnesia {unknown}
 i - a scroll of magic mapping {unknown}
 j - a scroll of fear {unknown}
Potions
 c - 4 potions of degeneration {unknown}
 d - 2 potions of lignification {unknown}
 n - a potion of invisibility {unknown}


   Skills:
 - Level 2.4 Fighting
 - Level 2.4 Dodging
 + Level 7.1 Unarmed Combat


You had 5 spell levels left.
You didn't know any spells.
Your spell library was empty.

Dungeon Overview and Level Annotations

Branches:
Dungeon (4/15)
 Temple: D:4-7

Altars:
Elyvilon
Sif Muna

Shops:
D:1 =[[:

Annotations:
D:4 Grinder


Innate Abilities, Weirdness & Mutations

You are too large for most types of armour.
You have claws for hands.
Your natural rate of healing is unusually fast.
You are covered in fur. (AC +1)
You have tough skin. (AC +1)


Message History

You closely miss Grinder. Grinder closely misses you.
You closely miss Grinder. Grinder hits you.
You scratch Grinder.
Grinder is lightly wounded.
Grinder hits you but does no damage.
You scratch Grinder.
Grinder is lightly wounded.
Grinder hits you!
You writhe in agony.
You claw Grinder!
Grinder is heavily wounded.
Grinder gestures at you.
You suddenly lose the ability to move!
Grinder hits you.
You writhe in agony.
Grinder hits you! Grinder hits you!
You writhe in agony.
Grinder blinks!
You can move again.
Grinder gestures at you. Pain shoots through your body! Grinder hits you!
You writhe in agony.
* * * LOW HITPOINT WARNING * * *
You barely miss Grinder.
Grinder is heavily wounded.
Grinder completely misses you.
You scratch Grinder.
Grinder is severely wounded.
Grinder gestures at you.
You suddenly lose the ability to move!
Grinder barely misses you. Grinder gestures at you.
Pain shoots through your body!
* * * LOW HITPOINT WARNING * * *
Grinder hits you.
* * * LOW HITPOINT WARNING * * *
You writhe in agony.
* * * LOW HITPOINT WARNING * * *
Grinder hits you.
* * * LOW HITPOINT WARNING * * *
You writhe in agony.
You die...

#######
#.....##########
#.###.........>.
#.# #####.######
#.# ####...#####
#.###...........
#.#........#####
######.#.#.#.#.##
#..5@........#.#
#.####.#.#.#.#.#
#####.#
#.#)....#.#
#.....#
#.)##.#.#..
#5###.#
##)##.#.##. #.#
#######.##.#.#
#.#
#............#
#..
###.#####.#...
#.. ###.# ..


You could see Grinder.

Vanquished Creatures
  Menkaure (D:4)
  A centaur (D:4)
  A gnoll shaman (D:4)
  3 gnolls (D:4)
  An adder (D:2)
  A worm (D:3)
  3 dart slugs
  4 ball pythons
  7 bats
  3 endoplasms
  3 giant cockroaches
  5 goblins
  5 hobgoblins
  6 jackals
  4 quokkas
  4 frilled lizards
  5 kobolds
  4 rats
61 creatures vanquished.

Notes
Turn   | Place    | Note
-------+----------+-------------------------------------------
     0 | D:1      | mcbry74 the Troll Berserker began the quest for the Orb.
     0 | D:1      | Reached XP level 1. HP: 22/22 MP: 0/0
    86 | D:1      | Found Woheawog's Antique Armour Emporium.
    95 | D:1      | Found Oreoseb's Armour Boutique.
   126 | D:1      | Found Tese's Book Emporium.
   131 | D:1      | Reached XP level 2. HP: 29/29 MP: 1/1
   365 | D:1      | Found a faded altar of an unknown god.
   372 | D:1      | Found Bybb's Jewellery Shop.
   552 | D:1      | Reached skill level 4 in Unarmed Combat
   736 | D:2      | Reached XP level 3. HP: 34/36 MP: 2/2
  1363 | D:3      | Reached ** piety under Trog
  1567 | D:3      | Found a white marble altar of Elyvilon.
  1716 | D:3      | Reached XP level 4. HP: 44/44 MP: 3/3
  1716 | D:3      | Found a shimmering blue altar of Sif Muna.
  1883 | D:4      | Reached skill level 5 in Unarmed Combat
  2125 | D:4      | Noticed Menkaure
  2146 | D:4      | Killed Menkaure
  2147 | D:4      | Reached skill level 6 in Unarmed Combat
  2147 | D:4      | Reached XP level 5. HP: 39/50 MP: 4/4
  2160 | D:4      | Noticed a centaur
  2171 | D:4      | Killed a centaur
  2172 | D:4      | Reached XP level 6. HP: 59/59 MP: 5/5
  2246 | D:4      | Reached skill level 7 in Unarmed Combat
  2290 | D:4      | Noticed Grinder
  2303 | D:4      | Paralysed by Grinder for 6 turns
  2324 | D:4      | Paralysed by Grinder for 4 turns
  2328 | D:4      | Slain by Grinder

Illustrated notes

Levels and vault maps discovered:
D:1:      lemuel_arrival_cross, layout_basic, serial_shops, nicolae_shop_stone,
          shop, shop, shop, ebering_ecumenical_altar_abandoned,
          minmay_misc_feat_enclosed, chequers_serial_rivers_micro_d
D:2:      layout_basic, st_stairs_10, grunt_ministairs_14, roderic_roman_lattice
D:3:      minmay_wonky_spiral, layout_rooms,
          mainiacjoe_overflow_six_doors_small, nicolae_elyvilon_peaceful_grove,
          chequers_serial_rivers_micro_b
D:4:      layout_loops_ring, lemuel_coloured_pillars_altar,
          mainiacjoe_overflow_alcove_1, corexii_hall_statues_x, uniq_menkaure,
          uniq_grinder

Skill      XL: |  1  2  3  4  5  6 |
---------------+-------------------+-----
Unarmed Combat | 4 6 7 |  7.1
Fighting       | |  2.4
Dodging        | |  2.4

Action                   |  1- 3 |  4- 6 || total
-------------------------+-------+-------++-------
Melee: Unarmed           |   106 |    53 ||   159
       Punch             |     2 |     1 ||     3
 Stab: Sleeping          |     1 |       ||     1
Armor: Animal skin       |    36 |     8 ||    44
Dodge: Dodged            |    67 |    24 ||    91
